 Dungeon Crawl Stone Soup version 0.29.1-1-gd02db6906a (webtiles) character file.

Game seed: 17049848738961407758

35 GigaChad the Shield-Bearer (level 3, 0/33 HPs)
             Began as a Minotaur Fighter on Sept 29, 2022.
             Slain by a gnoll
             ... wielding a +0 flail
              (5 damage)
             ... on level 2 of the Dungeon.
             The game lasted 00:02:34 (1356 turns).

GigaChad the Shield-Bearer (Minotaur Fighter)       Turns: 1356, Time: 00:02:35

Health: 0/33       AC:  8    Str: 22    XL:     3   Next: 17%
Magic:  2/2        EV:  9    Int:  5    God:
Gold:   109        SH:  4    Dex:  9    Spells: 2/2 levels left

rFire   . . .      SeeInvis .   a - +1 long sword
rCold   . . .      Faith    .   c - +0 buckler
rNeg    . . .      Spirit   .   b - +1 scale mail
rPois   .          Reflect  .   (helmet restricted)
rElec   .          Harm     .   (no cloak)
rCorr   .          Rampage  .   (no gloves)
Will    .....                   (no boots)
Stlth   ..........              (no amulet)
HPRegen 0.11/turn               (no ring)
MPRegen 0.08/turn               (no ring)

@: no status effects
A: horns 2, retaliatory headbutt
a: no special abilities


You were on level 2 of the Dungeon.
You visited 1 branch of the dungeon, and saw 2 of its levels.

You collected 109 gold pieces.

Inventory:

Hand Weapons
 a - a +1 long sword (weapon)
Missiles
 f - 6 poisoned darts (quivered)
Armour
 b - a +1 scale mail (worn)
 c - a +0 buckler (worn)
Potions
 d - a potion of might
 e - 2 potions of mutation


   Skills:
 + Level 3.9 Fighting
 + Level 3.3 Long Blades
 + Level 3.8 Armour
 + Level 0.1 Dodging
 + Level 4.2 Shields


You had 2 spell levels left.
You didn't know any spells.
Your spell library was empty.

Dungeon Overview and Level Annotations

Branches:
Dungeon (2/15)

Altars:


Innate Abilities, Weirdness & Mutations

You have a pair of horns on your head.
You reflexively headbutt those who attack you in melee.


Message History

The gnoll barely misses you. The gnoll hits you but does no damage.
You barely miss the gnoll. The gnoll hits you with a +0 spear. x2
* * * LOW HITPOINT WARNING * * *
You hit the gnoll. Your headbutt misses the gnoll.
The gnoll is lightly wounded.
The gnoll closely misses you.
You hit the gnoll.
The gnoll is moderately wounded.
The gnoll completely misses you. You furiously retaliate!
You headbutt the gnoll. You hit the gnoll but do no damage.
The gnoll is heavily wounded.
A hobgoblin comes into view.
The gnoll hits you but does no damage.
The hobgoblin shouts!
You slash the gnoll!
You kill the gnoll!
You hear an angry hiss.
A gnoll comes into view. It is wielding a +0 flail.
The gnoll shouts!
You have reached level 3!
Your experience leads to an increase in your attributes!
Increase (S)trength, (I)ntelligence, or (D)exterity?
You feel stronger. x2
As you read the scroll labelled OCYNOX QIREL, it crumbles to dust.
It is a scroll of enchant armour.
Your +0 scale mail glows green for a moment.
A frilled lizard comes into view.
The hobgoblin throws a boomerang.
The boomerang hits you.
* * * LOW HITPOINT WARNING * * *
The hobgoblin throws a boomerang.
The boomerang barely misses you. The hobgoblin barely misses you.
You furiously retaliate!
You headbutt the hobgoblin.
You kill the hobgoblin!
You block the frilled lizard's attack.
You hit the gnoll.
The gnoll is heavily wounded.
The gnoll hits you with a +0 flail.
You die...

...............###
#........>.###.#
#..........# #†# #?
####..........# #.###
...##.$...........#
#....
...?..##..........#
####.
.................#####
#. ###l..........††.#
## #.)g@.........##.##
#..##>.........##..###
#..#
#..........###...#
...# #..........#
###.# lg##
#..........# #.. .
##........## ###
##......## # ########
#


You could see a gnoll and a frilled lizard.

Vanquished Creatures
  A gnoll (D:2)
  A dart slug (D:2)
  2 ball pythons
  2 endoplasms (D:1)
  3 hobgoblins
  2 quokkas (D:2)
  2 bats
  4 frilled lizards
  3 kobolds (D:1)
  5 rats (D:2)
25 creatures vanquished.

Notes
Turn   | Place    | Note
-------+----------+-------------------------------------------
     0 | D:1      | GigaChad the Minotaur Fighter began the quest for the Orb.
     0 | D:1      | Reached XP level 1. HP: 19/19 MP: 0/0
   769 | D:1      | Found a faded altar of an unknown god.
   827 | D:1      | Reached XP level 2. HP: 27/27 MP: 1/1
  1315 | D:2      | Reached skill level 4 in Shields
  1346 | D:2      | Reached XP level 3. HP: 7/33 MP: 2/2
  1356 | D:2      | Slain by a gnoll

Illustrated notes

Levels and vault maps discovered:
D:1:      psy_arrival_dodecagon, layout_loops_ring,
          hellmonk_ecumenical_altar_run_dry
D:2:      layout_rooms

Skill      XL: |  1  2 |
---------------+-------+-----
Shields        | 4 |  4.2
Long Blades    | 3 |  3.3
Fighting       | |  3.9
Armour         | |  3.8
Dodging        | |  0.1

Action                   || total
-------------------------++-------
Melee: Long sword        ||    60
       Headbutt          ||     7
  Use: Scroll            ||     4
Armor: Scale mail        ||    36
Dodge: Dodged            ||    33
Block: Buckler           ||    15
